 Dungeon Crawl Stone Soup version 0.28.0-47-ge53b351184 (webtiles) character file.

Game seed: 18417607916645622321

1565 DildoBatman the Magician (level 9, -5/72 HPs)
             Began as a Formicid Conjurer on May 3, 2022.
             Was a Follower of Kikubaaqudgha.
             Slain by a manticore (9 damage)
             ... on level 6 of the Dungeon.
             The game lasted 00:19:14 (7239 turns).

DildoBatman the Magician (Formicid Conjurer)        Turns: 7239, Time: 00:19:15

Health: -5/72      AC: 13    Str:  4 (13) XL:     9   Next: 13%
Magic:  11/19      EV: 13    Int:  8 (17) God:    Kikubaaqudgha [*.....]
Gold:   160        SH:  4    Dex: 15 (19) Spells: 19/22 levels left

rFire   . . .      SeeInvis +   d - +1 whip (venom)
rCold   . . .      Faith    .   E - +0 buckler
rNeg    . . .      Spirit   .   x - +4 ring mail
rPois   .          Reflect  .   (helmet unavailable)
rElec   .          Harm     .   (no cloak)
rCorr   .          Rampage  .   (no gloves)
Will    .....      Clarity  +   C - +2 pair of boots
Stlth   +.........              (no amulet)
HPRegen 0.22/turn               p - +4 ring of evasion
MPRegen 0.16/turn               A - +6 ring of dexterity

@: no status effects
A: permanent stasis, dig shafts and tunnels, antennae 3, four strong arms,
clarity, robust 1, screaming 1
a: Dig, Shaft Self, Renounce Religion, Receive Corpses


You were on level 6 of the Dungeon.
You worshipped Kikubaaqudgha.
Kikubaaqudgha was aware of your devotion.
You visited 2 branches of the dungeon, and saw 7 of its levels.

You collected 262 gold pieces.
You spent 102 gold pieces at shops.

Inventory:

Hand Weapons
 a - a +0 hunting sling
 b - a +2 whip of flaming
 d - a +1 whip of venom (weapon)
 D - a +2 hand axe of freezing
Missiles
 c - 252 stones
 f - 59 sling bullets
 h - 54 arrows
 w - 56 bolts
 y - 5 poisoned darts
Armour
 r - a +0 leather armour of poison resistance
 x - a +4 ring mail (worn)
 C - a +2 pair of boots (worn)
 E - a +0 buckler (worn)
Jewellery
 p - a +4 ring of evasion (left hand)
 s - a ring of wizardry
 A - a +6 ring of dexterity (right hand)
Scrolls
 n - a scroll of amnesia {unknown}
 q - 2 scrolls of enchant weapon {unknown}
 t - 2 scrolls of teleportation {unknown}
 u - 2 scrolls of fog
 v - a scroll of immolation {unknown}
 z - 2 scrolls of identify
 F - a scroll of vulnerability {unknown}
Potions
 e - a potion of mutation
 g - 2 potions of heal wounds
 i - a potion of invisibility {unknown}
 j - a potion of ambrosia {unknown}
 k - a potion of attraction {unknown}
 l - 3 potions of resistance
 m - 4 potions of cancellation
 o - 3 potions of curing
 B - a potion of degeneration {unknown}


   Skills:
 * Level 4.5 Fighting
 * Level 4.4 Armour
 - Level 3.0 Dodging
 - Level 2.4 Stealth
 * Level 1.4 Shields
 - Level 7.0 Spellcasting
 - Level 6.0 Conjurations


You had 19 spell levels left.
You knew the following spells:

 Your Spells              Type           Power      Damage    Failure   Level
a - Searing Ray           Conj           24%        2d5       17%         2
c - Magic Dart            Conj           48%        1d5       12%         1

Your spell library contained the following spells:

 Spells                   Type           Power      Damage    Failure   Level
 Dazzling Flash           Conj/Hex       14%        N/A       75%         3
 Animate Skeleton         Necr           4%         N/A       80%         1
 Corpse Rot               Necr/Air       4%         N/A       90%         2
 Sublimation of Blood     Necr           2%         N/A       90%         2
 Fulminant Prism          Conj/Hex       3%         3d6       98%         4
 Iskenderun's Mystic Bla  Conj/Tloc      7%         2d4       98%         4
 Tukima's Dance           Hex            2%         N/A       99%         3
 Vampiric Draining        Necr           2%         2d6       99%         3
 Passage of Golubria      Tloc           2%         N/A       100%        4
 Manifold Assault         Tloc           2%         N/A       100%        5
 Yara's Violent Unravell  Hex/Tmut       1%         3d3       100%        5
 Storm Form               Tmut/Air       1%         N/A       100%        7
 Blink                    Tloc           Unusable   N/A       N/A         2

Dungeon Overview and Level Annotations

Branches:
Dungeon (6/15)             Temple (1/1) D:6

Altars:
Ashenzari
Cheibriados
Dithmenos
Elyvilon
Fedhas
Gozag
Hepliaklqana
Kikubaaqudgha
Ru
Sif Muna
Trog
Xom
Yredelemnul
Zin
The Shining One

Shops:
D:5 ?

Annotations:
D:4 exclusion: wolf spider


Innate Abilities, Weirdness & Mutations

You cannot be hasted, slowed, berserked, paralysed or teleported.
You can dig through walls and to a lower floor.
You have a pair of large antennae on your head. (SInv)
Your four strong arms can wield two-handed weapons with a shield.
You possess an exceptional clarity of mind.
You are robust. (+10% HP)
You occasionally shout uncontrollably at your foes.


Message History

Aiming: Searing Ray (safe; 17% risk of failure)
Press: ? - help, Shift-Dir - straight line, f - manticore
Aim: a manticore (lightly wounded, very poisoned, 85% to hit)
The searing ray hits the manticore.
The manticore is moderately wounded. (Press . to maintain the ray.)
The manticore bites you! The manticore misses you.
The manticore closely misses you.
The searing ray hits the manticore!
The manticore is moderately wounded.
You block the manticore's attack.
The manticore claws you but does no damage.
You block the manticore's attack.
The searing ray hits the manticore.
The manticore is heavily wounded.
The manticore bites you but does no damage.
The manticore claws you. The manticore misses you.
The searing ray misses the manticore.
You finish channelling your searing ray.
The manticore closely misses you. The manticore claws you.
The manticore claws you!
Casting: Searing Ray (safe; 17% risk of failure)
Confirm with . or Enter, or press ? or * to list all spells.
Aiming: Searing Ray (safe; 17% risk of failure)
Press: ? - help, Shift-Dir - straight line, f/p - manticore
Aim: a manticore (heavily wounded, very poisoned, 85% to hit)
The searing ray hits the manticore.
The manticore is heavily wounded. (Press . to maintain the ray.)
The manticore misses you.
The manticore claws you but does no damage. x2
The searing ray hits the manticore.
The manticore is severely wounded.
The manticore bites you!! The manticore claws you!
You die...
Kikubaaqudgha rasps: "You have failed me!
Welcome... death!"

,,**#..##..###.# *,*
..# #..##....#.# *,*
..# #..##....#.# *,*
.H# #..##H...#.###*,***
..# #..##....#.#..,,,,*
..###..##....#.#.#*****
..............>#.#
#####..##......#.#
.......##...##.#@#
#####.###.....$H.# #
#.# #.########* # #.#
#..,,,,,,,*
#####'#####******,*
#......# *,* #......###
*,* #........# *,****
#........# *,,,,*


You could see a manticore (poisoned).

Vanquished Creatures
  Pikel (D:5)
  An ogre (D:4)
  A necrophage (D:6)
  A phantom (D:4)
  2 lemures
  A scorpion (D:5)
  A water moccasin zombie (D:6)
  A bullfrog zombie (D:5)
  2 centaur zombies
  A jelly (D:5)
  3 hounds
  An orc priest (D:3)
  Jessica (D:2)
  3 iguanas
  6 orc wizards
  A killer bee zombie (D:5)
  2 hound skeletons
  Robin (D:2)
  7 gnolls
  3 adders
  An ufetubus (D:5)
  A worm (D:3)
  2 dart slugs
  15 orcs
  7 ball pythons
  10 bats
  5 endoplasms
  9 giant cockroaches
  15 goblins
  6 hobgoblins
  3 jackals (D:4)
  7 quokkas
  4 frilled lizards
  6 kobolds
  4 rats
135 creatures vanquished.

Vanquished Creatures (others)
  A fungus (D:4)
  3 plants (D:4)
4 creatures vanquished.

Grand Total: 139 creatures vanquished

Notes
Turn   | Place    | Note
-------+----------+-------------------------------------------
     0 | D:1      | DildoBatman the Formicid Conjurer began the quest for the
                  | Orb.
     0 | D:1      | Reached XP level 1. HP: 13/13 MP: 3/3
   118 | D:1      | Reached XP level 2. HP: 19/19 MP: 1/5
   129 | D:1      | Learned a level 2 spell: Searing Ray
   545 | D:1      | Reached XP level 3. HP: 24/24 MP: 6/6
  1206 | D:2      | Noticed Jessica
  2089 | D:3      | Reached XP level 4. HP: 28/29 MP: 3/7
  2229 | D:3      | Found a faded altar of an unknown god.
  2242 | D:3      | Prayed at the altar of an unknown god.
  2242 | D:3      | Became a worshipper of Cheibriados the Contemplative
  2242 | D:3      | Reached * piety under Cheibriados
  2243 | D:3      | Fell from the grace of Cheibriados
  2423 | D:3      | Reached skill level 5 in Conjurations
  2834 | D:3      | Reached XP level 5. HP: 2/35 MP: 1/8
  3057 | D:4      | Found an opulent altar of Gozag.
  3419 | D:4      | Reached XP level 6. HP: 42/42 MP: 3/9
  3506 | D:4      | Reached skill level 1 in Fighting
  3509 | D:4      | Reached skill level 1 in Armour
  3660 | D:4      | Found a broken altar of Ashenzari.
  3664 | D:4      | Saw a vision of the Swamp and the Spider Nest.
  3664 | D:4      | Noticed a wolf spider
  3664 | D:4      | Noticed a wolf spider
  3664 | D:4      | Noticed a swamp drake
  3664 | D:4      | Noticed a vampire mosquito
  3664 | D:4      | Noticed a vampire mosquito
  3664 | D:4      | Noticed a vampire mosquito
  3664 | D:4      | Noticed a swamp drake
  3664 | D:4      | Noticed a swamp drake
  3734 | D:4      | Noticed an ogre
  3742 | D:4      | Killed an ogre
  3743 | D:4      | Reached skill level 3 in Spellcasting
  3877 | D:4      | Reached XP level 7. HP: 50/50 MP: 9/12
  4248 | D:4      | Reached skill level 4 in Spellcasting
  4608 | D:5      | Entered Level 5 of the Dungeon
  4608 | D:5      | Noticed Pikel
  4830 | D:5      | Reached skill level 5 in Spellcasting
  5044 | D:5      | Found Penweuv's Magic Scroll Shoppe.
  5096 | D:5      | Bought a scroll of magic mapping for 42 gold pieces
  5096 | D:5      | Bought a scroll of identify for 24 gold pieces
  5096 | D:5      | Bought a scroll of fog for 24 gold pieces
  5096 | D:5      | Bought a scroll of noise for 12 gold pieces
  5120 | D:6      | Found a staircase to the Ecumenical Temple.
  5124 | Temple   | Entered the Ecumenical Temple
  5343 | Temple   | Became a worshipper of Kikubaaqudgha
  5414 | D:6      | Found a shimmering altar of Xom.
  5523 | D:2      | Killed Jessica
  5524 | D:2      | Reached skill level 6 in Spellcasting
  5524 | D:2      | Reached XP level 8. HP: 56/56 MP: 12/17
  5595 | D:2      | Noticed Robin
  5606 | D:2      | Killed Robin
  5939 | D:5      | Reached * piety under Kikubaaqudgha
  5939 | D:5      | Received a gift from Kikubaaqudgha
  5963 | D:5      | HP: 1/56 [Pikel/+2 whip of flaming (2)]
  5970 | D:5      | Killed Pikel
  5971 | D:5      | Reached skill level 7 in Spellcasting
  6018 | D:5      | Found a white marble altar of Elyvilon.
  6324 | D:5      | Was forgiven by Cheibriados
  6591 | D:6      | Reached XP level 9. HP: 61/65 MP: 7/19
  6623 | D:6      | Noticed a manticore
  6782 | D:6      | Reached skill level 1 in Shields
  7229 | D:6      | Gained mutation: You are robust. (+10% HP) [potion of
                  | mutation]
  7229 | D:6      | Gained mutation: You occasionally shout uncontrollably at
                  | your foes. [potion of mutation]
  7229 | D:6      | Gained mutation: You possess an exceptional clarity of
                  | mind. [potion of mutation]
  7239 | D:6      | Slain by a manticore

Illustrated notes

Levels and vault maps discovered:
D:1:      enne_arrival_octagon_isle, layout_loops_corners,
          chequers_serial_rivers_room_b, minmay_vboxes
D:2:      minmay_diamond_boxcup, layout_basic, serial_curves, eino_curves_02,
          eino_curves_04, minmay_misc_feat_enclosed, glass_columns_a,
          uniq_jessica, uniq_robin
D:3:      layout_basic, ebering_ecumenical_altar_abandoned
D:4:      layout_gridville, grunt_ashenzari_visionary
          [grunt_ashenzari_visionary_swamp, grunt_ashenzari_visionary_spider],
          mainiacjoe_overflow_brackets
D:5:      layout_cave_pools, elyvilon_altar_3, serial_shops, shop, uniq_pikel
D:6:      layout_basic, mainiacjoe_overflow_catwalk,
          minmay_temple_entry_steel_oval
Temple:   minmay_temple_curvy_loop

Skill      XL: |  1  2  3  4  5  6  7  8  9 |
---------------+----------------------------+-----
Conjurations   | 4 5 6 |  6.0
Fighting       | 2 4 |  4.5
Armour         | 2 4 |  4.4
Spellcasting   | 3 6 7 |  7.0
Dodging        | 3 |  3.0
Shields        | 1 |  1.4
Stealth        | |  2.4

Action                   |  1- 3 |  4- 6 |  7- 9 || total
-------------------------+-------+-------+-------++-------
Melee: Dagger            |     3 |     4 |    13 ||    20
       Punch             |       |       |     2 ||     2
       Whip              |       |       |    77 ||    77
 Fire: Hunting sling     |    31 |    39 |    39 ||   109
 Cast: Magic Dart        |    48 |    23 |    27 ||    98
       Searing Ray       |     2 |    11 |    41 ||    54
Invok: Renounce Religion |       |     1 |       ||     1
 Abil: Dig               |     1 |       |       ||     1
  Use: Scroll            |       |       |     4 ||     4
       Potion            |       |       |     3 ||     3
 Stab: Sleeping          |     1 |       |       ||     1
Armor: Robe              |     7 |     1 |       ||     8
       Ring mail         |       |       |   102 ||   102
Dodge: Dodged            |    18 |    21 |   164 ||   203
Block: Buckler           |       |       |     6 ||     6
